 Dungeon Crawl Stone Soup version 0.31.0-9-g3a7656b989 (webtiles) character file.

Game seed: 11741226183861715364

1601 Heoruswealwe the Thaumaturge (level 8, -7/41 HPs)
             Began as a Deep Elf Conjurer on Feb 3, 2024.
             Was an Initiate of Vehumet.
             Killed from afar by an electric eel (10 damage)
             ... with a bolt of electricity
             ... on level 7 of the Dungeon.
             The game lasted 00:57:14 (5967 turns).

Heoruswealwe the Thaumaturge (Deep Elf Conjurer)    Turns: 5967, Time: 00:57:15

Health: -7/41      AC:  7    Str:  4    XL:     8   Next: 62%
Magic:  7/24       EV: 12    Int: 26    God:    Vehumet [......]
Gold:   310        SH:  0    Dex: 13    Spells: 5/28 levels left

rFire   . . .        a - +0 glaive
rCold   . . .        (shield currently unavailable)
rNeg    . . .        c - +0 robe
rPois   .            g - +0 helmet
rElec   .            h - +0 cloak
rCorr   .            f - +0 pair of gloves
SInv    .            e - +1 pair of boots
Will    .....        (no amulet)
Stlth   ++           (no ring)
HPRegen 0.26/turn    (no ring)
MPRegen 0.19/turn

%: no passive effects
@: no status effects
A: no striking features
a: Renounce Religion


You were on level 7 of the Dungeon.
You worshipped Vehumet.
Vehumet was noncommittal.
You visited 2 branches of the dungeon, and saw 8 of its levels.

You collected 310 gold pieces.

Inventory:

Hand Weapons
 a - a +0 glaive (weapon)
 b - a +0 battleaxe
Armour
 c - a +0 robe (worn)
 e - a +1 pair of boots (worn)
 f - a +0 pair of gloves (worn)
 g - a +0 helmet (worn)
 h - a +0 cloak (worn)
 A - a +0 robe
 B - a +0 robe
 F - a +0 robe
 G - a +0 robe
Magical Staves
 q - a staff of earth
Wands
 y - a wand of mindburst (13)
Scrolls
 d - 2 scrolls of revelation {unknown}
 i - a scroll of poison {unknown}
 j - 4 scrolls of teleportation {unknown}
 k - a scroll of noise {unknown}
 m - a scroll of silence {unknown}
 o - 2 scrolls of blinking {unknown}
 p - 4 scrolls of identify {unknown}
 s - 2 scrolls of immolation {unknown}
 t - a scroll of fog {unknown}
 w - a scroll of acquirement {unknown}
 D - a scroll of vulnerability {unknown}
Potions
 l - a potion of degeneration {unknown}
 n - a potion of curing {unknown}
 r - a potion of cancellation {unknown}
 u - a potion of mutation {unknown}
 v - 2 potions of haste {unknown}
 x - 2 potions of magic
 z - a potion of might {unknown}
 C - a potion of lignification {unknown}
 E - a potion of invisibility {unknown}


   Skills:
 - Level 2.4 Dodging
 - Level 2.4 Stealth
 + Level 10.5 Spellcasting
 + Level 9.6 Conjurations


You had 5 spell levels left.
You knew the following spells:

 Your Spells              Type           Power      Damage    Failure   Level
a - Magic Dart            Conj           100%       1d8       1%          1
b - Searing Ray           Conj           100%       2d8       1%          2
c - Dazzling Flash        Conj/Hex       76%        N/A       1%          3
d - Stone Arrow           Conj/Erth      76%        3d11      1%          3
e - Fulminant Prism       Conj/Alch      19%        3d10      6%          4
f - Iskenderun's Mystic   Conj/Tloc      38%        2d9       6%          4
g - Starburst             Conj/Fire      19%        6d7       67%         6

Your spell library contained the following spells:

 Spells                   Type           Power      Damage    Failure   Level
 Fugue of the Fallen      Necr           13%        N/A       13%         3
 Ozocubu's Armour         Ice            13%        N/A       13%         3
 Volatile Blastmotes      Fire/Tloc      26%        2d12      13%         3
 Animate Armour           Summ/Erth      26%        N/A       41%         4
 Manifold Assault         Tloc           13%        N/A       41%         4
 Lehudib's Crystal Spear  Conj/Erth      19%        10d6      100%        8
 Maxwell's Capacitive Co  Air            6%         ∞         100%        8


Dungeon Overview and Level Annotations

Branches:
Dungeon (7/15)             Temple (1/1) D:6

Altars:
Ashenzari
Cheibriados
Dithmenos
Elyvilon
Fedhas
Gozag
Hepliaklqana
Kikubaaqudgha
Nemelex Xobeh
Okawaru
Ru
Sif Muna
Uskayaw
Vehumet
Wu Jian
Xom
Yredelemnul
Zin
The Shining One

Shops:
D:2 (


Message History

* * * LOW HITPOINT WARNING * * *
You start resting.
An electric eel comes into view.
A bullfrog comes into view.
An electric eel comes into view.
Found a stone staircase leading up.
An ogre comes into view. It is wielding a +0 giant spiked club.
The electric eel moves out of view.
Casting: Fulminant Prism (quite dangerous; 6% risk of failure)
Confirm with . or Enter, or press ? or * to list all spells.
You erupt in a blast of force!
The mystic blast hits the ogre!
The ogre is heavily wounded.
The ogre shouts!
The ogre is knocked back by the mystic blast.
You hear a loud, deep croak!
The electric eel shoots out a bolt of lightning at you!
The bolt of electricity hits you!
* * * LOW HITPOINT WARNING * * *
A bombardier beetle comes into view.
Found 2 stones.
Casting: Iskenderun's Mystic Blast (quite dangerous; 6% risk of failure)
Confirm with . or Enter, or press ? or * to list all spells.
You erupt in a blast of force!
The mystic blast hits the ogre.
The ogre is severely wounded.
The ogre is knocked back by the mystic blast.
Okay, then.
Casting: Iskenderun's Mystic Blast (quite dangerous; 6% risk of failure)
Confirm with . or Enter, or press ? or * to list all spells.
You erupt in a blast of force!
The mystic blast hits the ogre.
The ogre is severely wounded.
The ogre is knocked back by the mystic blast.
The bullfrog releases a deep croak.
Casting: Iskenderun's Mystic Blast (quite dangerous; 6% risk of failure)
Confirm with . or Enter, or press ? or * to list all spells.
You erupt in a blast of force!
The mystic blast hits the bullfrog!
The bullfrog is heavily wounded.
The bullfrog is knocked back by the mystic blast.
The electric eel shoots out a bolt of lightning at you!
The bolt of electricity hits you!
You die...

##
##.####S~~~P~.~~P~~
.#
#.......♣~~~~.~~~~~
.# ##.......#
~~.......
.###........#
♣S..S~~~
............###...#
.####...........F#
.# #.......####.#
.# #.......# #.# ##
##+###### #@# #.#
... ##O## .B< ...
..( ##...


You could see an ogre, a bullfrog, a bombardier beetle and an electric eel.

Vanquished Creatures
  Eustachio (D:4)
  Edmund (D:5)
  An orc warrior (D:4)
  A black bear (D:6)
  A sky beast (D:6)
  An ogre (D:5)
  A centaur (D:6)
  A bullfrog (D:4)
  A scorpion (D:3)
  2 howler monkeys (D:5)
  2 electric eels (D:7)
  5 hounds
  A gnoll bouda (D:5)
  An orc priest (D:6)
  2 jellies
  A sleepcap (D:6)
  An iguana (D:5)
  An orc wizard (D:6)
  8 gnolls (D:5)
  10 adders
  A white imp (D:6)
  3 dart slugs
  2 ribbon worms
  12 orcs
  11 endoplasms
  A giant cockroach (D:4)
  9 goblins
  4 hobgoblins
  8 kobolds
  4 quokkas
  9 ball pythons
  7 bats
  8 frilled lizards
  A rat (D:2)
123 creatures vanquished.

Vanquished Creatures (others)
  A fulminant prism (D:7)
1 creature vanquished.

Grand Total: 124 creatures vanquished

Notes
Turn   | Place    | Note
-------+----------+-------------------------------------------
     0 | D:1      | Heoruswealwe the Deep Elf Conjurer began the quest for the
                  | Orb.
     0 | D:1      | Reached XP level 1. HP: 10/10 MP: 6/6
   191 | D:1      | Reached XP level 2. HP: 15/15 MP: 4/8
   194 | D:1      | Learned a level 2 spell: Searing Ray
   707 | D:1      | You fall into a shaft and drop 1 floor!
   737 | D:2      | Reached skill level 4 in Spellcasting
   737 | D:2      | Reached skill level 5 in Conjurations
   737 | D:2      | Reached XP level 3. HP: 19/19 MP: 5/10
   793 | D:2      | Found Lutuh's Antique Weapon Shop.
  1465 | D:3      | Noticed a +0 dagger
  1465 | D:3      | Noticed a +0 dagger
  1465 | D:3      | Noticed a scorpion
  1465 | D:3      | Found a hide-covered altar of Uskayaw.
  1473 | D:3      | Killed a scorpion
  1474 | D:3      | Reached skill level 5 in Spellcasting
  1474 | D:3      | Reached XP level 4. HP: 24/24 MP: 8/13
  1479 | D:3      | Learned a level 4 spell: Fulminant Prism
  1484 | D:3      | Learned a level 4 spell: Iskenderun's Mystic Blast
  1593 | D:3      | Found a hazy altar of Hepliaklqana.
  1646 | D:3      | Found an ornate altar of the Wu Jian Council.
  1706 | D:3      | Found an iron altar of Okawaru.
  1884 | D:3      | Reached XP level 5. HP: 10/28 MP: 9/14
  2199 | D:3      | Found a faded altar of an unknown god.
  2351 | D:4      | Noticed Eustachio
  2372 | D:4      | Killed Eustachio
  2373 | D:4      | Reached skill level 6 in Spellcasting
  2373 | D:4      | Reached XP level 6. HP: 25/32 MP: 9/17
  2477 | D:4      | Found a basalt altar of Yredelemnul.
  2882 | D:4      | Noticed an orc warrior
  2891 | D:4      | Killed an orc warrior
  2892 | D:4      | Reached skill level 7 in Spellcasting
  2996 | D:4      | Reached XP level 7. HP: 31/36 MP: 14/20
  3421 | D:3      | You fall into a shaft and drop 2 floors!
  3421 | D:5      | Entered Level 5 of the Dungeon
  3421 | D:5      | Found a shimmering altar of Xom.
  3494 | D:5      | Found a broken altar of Ashenzari.
  3625 | D:5      | Reached skill level 8 in Spellcasting
  4052 | D:5      | Noticed Edmund
  4063 | D:5      | Killed Edmund
  4064 | D:5      | Reached skill level 9 in Spellcasting
  4064 | D:5      | Reached XP level 8. HP: 40/41 MP: 7/23
  4241 | D:5      | Learned a level 3 spell: Dazzling Flash
  4248 | D:5      | Learned a level 6 spell: Starburst
  4853 | D:6      | Identified the +4 trident of Peace {flame, rElec rF- Dex+4}
  5192 | D:6      | Reached skill level 10 in Spellcasting
  5206 | D:6      | Learned a level 3 spell: Stone Arrow
  5362 | D:5      | You fall into a shaft and drop 1 floor!
  5384 | D:6      | Found a staircase to the Ecumenical Temple.
  5390 | Temple   | Entered the Ecumenical Temple
  5399 | Temple   | Became a worshipper of Vehumet
  5962 | D:7      | HP: 1/41 [electric eel/bolt of electricity (7)]
  5967 | D:7      | Killed from afar by an electric eel

Illustrated notes

Levels and vault maps discovered:
D:1:      nzn_arrival_settlement, layout_basic, skrybe_limestone_x,
          corexii_hall_statues_x, minmay_tetromino_o2
D:2:      layout_loops_ring, serial_shops, nicolae_square_shop
D:3:      layout_basic, old_standard_altar, nicolae_wu_jian_wuxing_cycle,
          okawaru_gym_becter, dancing_weapons_uskayaw,
          hellmonk_ecumenical_altar_run_dry
D:4:      minmay_chambers_of_twos, layout_cave_pods, mainiacjoe_overflow_paths,
          st_stairs_7, uniq_eustachio
D:5:      kennysheep_spiral_hall, layout_basic,
          mainiacjoe_overflow_catwalk_spiral, uniq_edmund
D:6:      layout_basic, minmay_temple_entry_enclosed_plants
D:7:      layout_loops_corners, serial_bayou_lagoon_b, uniq_maggie
Temple:   nicolae_temple_ecumenical_triangle

Skill      XL: |  1  2  3  4  5  6  7  8 |
---------------+-------------------------+-----
Spellcasting   | 4 5 6 7 9 10 | 10.5
Conjurations   | 5 6 7 8 9 |  9.6
Dodging        | |  2.4
Stealth        | |  2.4

Action                     |  1- 3 |  4- 6 |  7- 9 || total
---------------------------+-------+-------+-------++-------
  Melee: Glaive            |    13 |    12 |     6 ||    31
   Cast: Magic Dart        |    45 |    68 |    87 ||   200
         Searing Ray       |     2 |     9 |    20 ||    31
         Iskenderun's Myst |       |     1 |     8 ||     9
         Fulminant Prism   |       |       |     1 ||     1
    Use: Potion            |       |     1 |       ||     1
   Stab: Sleeping          |     1 |       |       ||     1
 Armour: Robe              |    12 |    30 |    33 ||    75
  Dodge: Dodged            |    16 |    26 |    18 ||    60
